Unix xNetHack Version 7.1.0 - last build Jun 10 2022 16:52:22 (33bbff3b7d1ce07880d5c4b1c5efc7e91935e5b9). Game began 2022-07-01 16:40:52, ended 2022-07-01 16:52:07. Raisse, neutral female gnomish Wizard --- |.. - |....---- | ......|.--- .-- ......| ...| -..%.--....-- -hG.......| |.....-- -- ------.....| |..........- |......---..| ----.....-- ..| --........| -.. |<........| -- |.........-- |..........------ | --................| --..----.|...----- ---- -----.| -- Raisse the Conjurer St:13 Dx:16 Co:15 In:19 Wi:8 Ch:8 Neutral Dlvl:4 $:55 HP:0(30) Pw:50(50) AC:5 Xp:5/166 T:3182 Latest messages: What do you want to drop? [$a-dfjm-sA-CFHW or ?*] W An athame named Magicbane lands on the altar. W - an uncursed athame named Magicbane {10}. What do you want to adjust? [a-dfjm-sA-CFHW or ?*] W Adjust letter to what [eg-iklt-zDEGI-Z] (? see used letters)? E Moving: E - an uncursed athame named Magicbane {10}. What do you want to wield? [- amsE or ?*] E E - an uncursed athame named Magicbane (weapon in hand) {10}. You hear Konosja cursing shoplifters. You descend the stairs. Poes is confused from hunger. Wizard needs food, badly! What do you want to eat? [F or ?*] ? Never mind. You feel tougher! You must have been leading a healthy life-style. You begin bashing monsters with your athame named Magicbane. The magic-absorbing blade cancels the newt! You kill the newt! You descend the stairs. The jackal bites! You miss the jackal. The jackal bites! You lacerate the jackal. The jackal bites! The magic-absorbing blade cancels the jackal! You kill the jackal! You see here a jackal corpse. There is a jackal corpse here; eat it? [ynq] (n) y Blecch! Rotten food! The world spins and goes dark. You are conscious again. There is a partly eaten jackal corpse here; eat it? [ynq] (n) y You resume your meal. You no longer feel hungry. You finish eating the jackal corpse. The hobbit wields a runed dagger! The hobbit thrusts her runed dagger. The hobbit hits you! The jackal bites! The magic-absorbing blade probes the jackal! The probe is insightful. Status of the jackal (neutral): Level 0 HP 3(3) AC 7. The jackal is not carrying anything. You kill the jackal! The hobbit thrusts her runed dagger. The hobbit hits you! You die... Do you want your possessions identified? [ynq] (y) y Do you want to see your attributes? [ynq] (y) q Major events: Turn 1: Raisse the neutral female gnomish Wizard entered the dungeon 888: attained the rank of Conjurer (level 3) 1316: entered the Gnomish Mines 3093: bestowed with Magicbane by Thoth 3182: killed by a hobbit Inventory: Inventory: 473/750 weight (19/52 slots) Coins $ - 55 gold pieces {1} Weapons a - a blessed +1 orcish dagger (alternate weapon; not wielded) {10} m - 20 uncursed +0 darts {20} s - a blessed +1 quarterstaff {40} E - the uncursed +0 Magicbane (weapon in hand) {10} Armor A - an uncursed +0 leather light armor (being worn) {113} C - an uncursed +0 cloak of magic resistance (being worn) {8} H - an uncursed +1 orcish helm (being worn) {23} Comestibles F - an uncursed sprig of wolfsbane {1} Scrolls p - a blessed scroll of teleportation {5} q - an uncursed scroll of taming {5} Spellbooks c - a blessed spellbook of force bolt {35} d - a blessed spellbook of magic missile {40} f - an uncursed spellbook of jumping {40} n - an uncursed spellbook of healing {35} Potions j - an uncursed potion of blindness {20} o - an uncursed potion of confusion {20} r - 2 uncursed potions of water {40} Tools b - an uncursed blindfold {2} B - an uncursed gold pea whistle {5} Raisse the Wizard's attributes: Background: You were a Conjurer, a level 5 female gnomish Wizard. You were neutral, on a mission for Thoth who was opposed by Ptah (lawful) and Anhur (chaotic). You were bisexual. You were in the Gnomish Mines, on level 4. You entered the dungeon 3182 turns ago. There was a new moon in effect when your adventure ended. You had 166 experience points, 154 more were needed to attain level 6. Basics: You had 0 out of 30 hit points. You had all 50 energy points (spell power). Your armor class was 5. Your wallet contained 55 zorkmids. Autopickup was on for '$!?/"=+' plus thrown, with exceptions. Final Characteristics: Your strength was 13 (limit:18/50). Your dexterity was 16 (limit:18). Your constitution was 15 (limit:18). Your intelligence was 19 (limit:19). Your wisdom was 8 (peak:9, limit:18). Your charisma was 8 (limit:18). Final Status: You were not hungry. You were unencumbered. You were wielding a dagger. You were unskilled in dagger. Final Attributes: You were devoutly aligned. You were magic-protected. You had infravision. You were warded. You are dead. Miscellaneous: You never encountered a bones level. Total elapsed playing time was 11 minutes and 15 seconds. Vanquished creatures: 2 shriekers a little dog a floating eye a homunculus a kobold leader a giant bat 2 dwarf zombies a wererat an iguana a gas spore a large kobold 2 hobgoblins a giant rat a brown mold a yellow mold a green mold a gecko 11 jackals a fox 3 sewer rats 2 grid bugs 7 lichens a kobold zombie 6 newts 51 creatures vanquished. No species were genocided or became extinct. Voluntary challenges: You were illiterate. You never genocided any monsters. You never polymorphed an object. You never changed form. You used no wishes. You never scared an enemy with impunity. You were celibate. You never generated conflict. Achievements: You attained the rank of Conjurer. You entered the Gnomish Mines. You entered a shop. The Dungeons of Doom: levels 1 to 5 Level 1: Some fountains, a tree. Level 2: A potion shop, an altar to Thoth. Level 3: Stairs down to The Gnomish Mines. Level 4: A tree. Level 5: A fountain. The Gnomish Mines: Level 4: <- You were here. Final resting place for you, killed by a hobbit. Game over: __________ / \ / REST \ / IN \ / PEACE \ / \ | Raisse | | 55 Au | | killed by a | | hobbit | | | | | | 2022 | *| * * * | * _________)/\\_//(\/(/\)/\//\/|_)_______ Goodbye Raisse the Wizard... You died in The Gnomish Mines on dungeon level 4 with 914 points, and 55 pieces of gold, after 3182 moves. You were level 5 with a maximum of 30 hit points when you died.